AoeStats
← 陟遐自迩

MegaRandom

509124581Analyzed
4v4 RM · 7d ago on Sep 25, 2026· 71m 27s· 8 players
Game mode
Random Map
Map size
Large (8 player)
Population
200
Speed
Normal
Resources
Standard
Victory
Conquest
Starting age
Dark Age
Ending age
Imperial Age
RankedLock teamsTeams togetherTeam positionsShared explorationLock speedFull tech treeHidden civsTurbo modeCheats
Victory
Defeat
🇹🇼 Cumans · Taiwan
1029
+15
🇨🇳 Spanish · China
1009
+16
🇩🇪 Varangians · Germany
993
+16
🇹🇼 Byzantines · Taiwan
900
+20
🇪🇸 Byzantines · Spain
1070
-19
1009
-17
🇺🇸 Portuguese · United States
980
-16
🇬🇷 Mongols · Greece
945
-15
鸿翔光大
10:52 Feudal Age
11:09 Feudal Age
15:53 Castle Age
15:31 Double-Bit Axe
21:19 Horse Collar
22:34 Loom
23:40 Wheelbarrow
25:12 Town Watch
32:05 Medium Warships
32:56 Ballistics
35:13 Imperial Age
33:03 Hand Cart
32:49 Town Patrol
37:01 Chemistry
37:57 Heavy Warships
38:38 Elite Cannon Galleon
50:21 Elite Conquistador
50:44 Demolition Ship
51:32 Heavy Demolition Ship
56:55 Bow Saw
64:24 Two-Man Saw
64:12 Inquisition
67:05 Bombard Tower
66:55 Masonry
66:52 Siphons
66:56 Thumb Ring
66:12 Elite Skirmisher
66:13 Heavy Mounted Crossbowman
67:14 Caravan
68:38 Fishing Lines
RenHao
11:04 Feudal Age
12:31 Loom
15:44 Castle Age
14:12 Double-Bit Axe
15:02 Horse Collar
19:00 Wheelbarrow
19:17 Heavy Plow
20:36 Fletching
24:24 Padded Archer Armor
24:22 Elite Skirmisher
31:57 Imperial Age
30:22 Ballistics
30:54 Treadmill Crane
31:32 Hand Cart
32:17 Bodkin Arrow
33:42 Bow Saw
33:38 Elite Cataphract
34:26 Scale Barding Armor
34:22 Bracer
35:13 Conscription
35:05 Forging
36:34 Chemistry
36:38 Crop Rotation
37:50 Logistica
39:09 Two-Man Saw
39:20 Chain Barding Armor
40:33 Caravan
41:03 Coinage
41:45 Plate Barding Armor
42:51 Iron Casting
43:14 Thumb Ring
46:11 Husbandry
46:51 Banking
46:38 Guilds
51:05 Leather Archer Armor
68:31 Greek Fire
68:55 Siphons
69:56 Scale Mail Armor
71:13 Medium Warships
wawa123969
11:02 Loom
13:19 Feudal Age
18:22 Wheelbarrow
18:02 Fishing Lines
24:54 Fletching
25:04 Padded Archer Armor
28:53 Double-Bit Axe
29:38 Horse Collar
32:12 Gold Mining
32:14 Stone Mining
35:41 Castle Age
37:19 Gold Shaft Mining
36:40 Gillnets
36:18 Demolition Ship
37:49 Medium Warships
38:01 Masonry
38:04 Careening
38:06 Clinker Construction
39:53 Bodkin Arrow
40:18 Leather Archer Armor
40:13 Thumb Ring
40:10 Town Watch
40:42 Hand Cart
41:52 Murder Holes
42:18 Ballistics
41:49 Heated Shot
42:19 Town Patrol
42:10 Pikeman
42:51 Squires
42:12 Man-at-Arms
42:38 Arson
45:01 Medium Warships
44:26 Long Swordsman
44:41 Crossbowman
48:06 Steppe Husbandry
48:22 Forging
48:13 Scale Mail Armor
47:48 Capped Ram
50:14 Elite Skirmisher
56:12 Imperial Age
57:26 Conscription
56:37 Siege Ram
58:29 Two-Handed Swordsman
61:06 Champion
61:06 Halberdier
66:22 Forging
66:13 Scale Mail Armor
66:44 Ring Archer Armor
66:43 Scale Barding Armor
68:15 Guilds
69:32 Sanctity
69:23 Fervor
陟遐自迩
0:47 Loom
15:40 Feudal Age
16:33 Horse Collar
17:25 Double-Bit Axe
18:23 Wheelbarrow
19:14 Fishing Lines
21:54 Castle Age
21:24 Town Watch
22:07 Forging
22:10 Scale Barding Armor
22:58 Gillnets
25:01 Bow Saw
24:48 Stone Mining
27:10 Iron Casting
26:56 Chain Barding Armor
28:24 Stone Shaft Mining
27:41 Gold Mining
28:24 Fletching
29:05 Heavy Plow
29:41 Husbandry
29:52 Bloodlines
35:54 Imperial Age
35:23 Scale Mail Armor
36:34 Chain Mail Armor
36:46 Ballistics
38:17 Blast Furnace
37:53 Plate Barding Armor
37:41 Conscription
38:32 Hand Cart
38:16 Elite Jarl
40:02 Crop Rotation
40:37 Two-Man Saw
40:18 Bodkin Arrow
41:27 Chemistry
41:40 Elite Longship
42:44 Bracer
44:39 Clinker Construction
44:40 Careening
46:10 Carvel Hull
49:02 Caravan
53:30 Squires
53:16 Arson
53:40 Cavalier
55:13 Padded Archer Armor
55:43 Plate Mail Armor
54:35 Gothikon
54:38 Vendel Legacy
Tim the Enchanter
2:25 Loom
18:41 Feudal Age
19:07 Double-Bit Axe
19:47 Fishing Lines
20:54 Town Watch
23:31 Castle Age
22:48 Fletching
22:59 Scale Mail Armor
23:09 Forging
23:46 Gold Mining
23:49 Stone Mining
24:38 Bow Saw
24:45 Medium Warships
25:16 Gillnets
26:32 Bodkin Arrow
27:03 Sanctity
29:10 Wheelbarrow
30:44 Hand Cart
31:55 Caravan
38:36 Imperial Age
37:00 Fervor
38:53 Clinker Construction
38:54 Careening
39:07 Ballistics
38:29 Treadmill Crane
38:59 Masonry
38:45 Murder Holes
38:56 Siphons
39:30 Siege Engineers
39:48 Carvel Hull
39:54 Fortified Wall
40:28 Heavy Warships
41:08 Pikeman
41:34 Arson
41:52 Elite Caravel
45:14 Town Patrol
46:01 Halberdier
47:09 Elite Skirmisher
50:02 Dry Dock
50:13 Architecture
50:45 Chemistry
51:32 Conscription
51:13 Arquebus
51:09 Guard Tower
53:30 Bracer
53:46 Chain Mail Armor
54:06 Iron Casting
54:47 Light Cavalry
55:27 Husbandry
55:38 Bloodlines
57:45 Two-Man Saw
58:37 Plate Mail Armor
59:07 Blast Furnace
62:09 Scale Barding Armor
63:34 Chain Barding Armor
63:07 Cavalier
65:43 Plate Barding Armor
66:31 Block Printing
ronald.lama6
10:50 Feudal Age
15:12 Castle Age
13:25 Double-Bit Axe
13:46 Horse Collar
17:31 Wheelbarrow
21:26 Man-at-Arms
23:02 Gambesons
23:18 Squires
24:50 Hand Cart
26:11 Husbandry
25:45 Long Swordsman
27:41 Scale Mail Armor
27:55 Forging
31:39 Iron Casting
32:02 Bow Saw
33:39 Arson
34:02 Scale Barding Armor
38:14 Imperial Age
36:51 Chain Barding Armor
36:46 Heavy Plow
37:39 Pikeman
39:30 Conscription
aggelos
10:04 Feudal Age
10:45 Double-Bit Axe
14:32 Castle Age
12:43 Horse Collar
15:23 Bow Saw
15:14 Heavy Plow
15:00 Town Watch
15:55 Wheelbarrow
19:01 Hand Cart
23:08 Stone Mining
24:21 Stone Shaft Mining
25:19 Murder Holes
26:40 Town Watch
26:47 Fletching
29:06 Gold Mining
30:05 Bodkin Arrow
30:56 Ballistics
34:22 Imperial Age
36:49 Chemistry
37:02 Clinker Construction
36:58 Siege Engineers
40:38 Bracer
42:44 Carvel Hull
43:34 Conscription
43:20 Elite Mangudai
44:02 Padded Archer Armor
44:10 Caravan
20 лет в аркаде
10:29 Feudal Age
11:31 Double-Bit Axe
11:29 Horse Collar
17:52 Fletching
19:54 Loom
22:20 Castle Age
21:39 Padded Archer Armor
21:47 Stone Mining
21:50 Gold Mining
22:50 Crossbowman
23:37 Thumb Ring
24:21 Bodkin Arrow
26:14 Bow Saw
29:09 Gold Shaft Mining
30:03 Wheelbarrow
29:13 Town Watch
37:10 Imperial Age
34:59 Hand Cart
35:08 Ballistics
36:43 Town Patrol
37:28 Leather Archer Armor
37:33 Heavy Plow
39:09 Stone Shaft Mining
41:23 Chemistry
39:44 Arbalester
40:44 Bracer
41:15 Ring Archer Armor
43:22 Two-Man Saw
44:03 Conscription
43:12 Elite Shotel Warrior
57:32 Scale Mail Armor
57:42 Forging
59:34 Guilds
59:55 Coinage
59:25 Caravan
Connection lost

Rejoining the realm…

Still unreachable

The connection could not be restored.

Session expired

The server has moved on; the page needs a fresh start.